 Dungeon Crawl Stone Soup version 0.22-a0-776-ge6d7efa (webtiles) character file.

7 corax the Sneak (level 1, 0/10 HPs)
             Began as a Spriggan Assassin on July 18, 2018.
             Slain by a kobold
             ... wielding a +0 short sword
              (6 damage)
             ... on level 2 of the Dungeon.
             The game lasted 00:00:57 (459 turns).

corax the Sneak (Spriggan Assassin)                  Turns: 459, Time: 00:00:57

Health: 0/10       AC:  3    Str:  7    XL:     1   Next: 91%
Magic:  2/2        EV: 17    Int: 12    God:
Gold:   22         SH:  0    Dex: 17    Spells: 0/0 levels left

rFire    . . .     SeeInvis +   a - +2 dagger
rCold    . . .     Gourm    .   (shield restricted)
rNeg     . . .     Faith    .   c - +0 robe
rPois    .         Spirit   .   (helmet restricted)
rElec    .         Reflect  .   d - +0 cloak
rCorr    .         Harm     .   (gloves unavailable)
MR       .....                  (boots unavailable)
Stlth    +++.......             (no amulet)
HPRegen  0.03/turn              (no ring)
MPRegen  0.08/turn              (no ring)

@: very quick
A: very small, unfitting armour, see invisible, herbivore, speed 3, slow
metabolism 2
a: no special abilities


You were on level 2 of the Dungeon.
You were not hungry.

You visited 1 branch of the dungeon, and saw 2 of its levels.

You collected 22 gold pieces.

Inventory:

Hand Weapons
 a - a +2 dagger (weapon)
 b - a +0 blowgun
Missiles
 e - 11 poisoned needles
 f - 2 curare-tipped needles
Armour
 c - a +0 robe (worn)
 d - a +0 cloak (worn)
Scrolls
 h - a scroll of remove curse {unknown}
 j - a scroll of teleportation {unknown}
 k - a scroll of fear {unknown}
Potions
 i - a potion of brilliance {unknown}
Comestibles
 g - a ration


   Skills:
 + Level 1.6 Fighting
 + Level 2.3 Short Blades
 + Level 2.0 Throwing
 + Level 1.5 Dodging
 + Level 6.4 Stealth


You couldn't memorise any spells.
You didn't know any spells.
Your spell library was empty.

Dungeon Overview and Level Annotations

Branches:
Dungeon (1/15)

Altars:


Innate Abilities, Weirdness & Mutations

You are very small and have problems with some larger weapons.
You are too small for most types of armour.
You have supernaturally acute eyesight. (SInv)
You are a herbivore.
You cover ground extremely quickly.
You need to consume almost no food.


Message History

The helpless leopard gecko fails to defend itself.
You impale the leopard gecko!!
You kill the leopard gecko!
The goblin shouts!
A kobold comes into view. It is wielding a short sword.
You hit the goblin.
The goblin is moderately wounded.
The goblin hits you but does no damage.
You hit the goblin.
The goblin is almost dead.
The goblin completely misses you.
You hit the goblin.
You kill the goblin!
Things that are here:
a club; 27 stones; a goblin corpse The kobold shouts!
The kobold hits you with a short sword.
You barely miss the kobold. The kobold hits you with a short sword.
Ouch! That really hurt!
You die...

#.# #.# #.# #.# ..#
#.# #.###.#######
#.#
#......>....###.##.#
#####.###....... ..#
#.###...# ....
#...)...## .....
#.####..K#.#
#......#@..#
######...### ##...
#####


You could see a kobold.

Vanquished Creatures
  A leopard gecko (D:2)
  A goblin (D:2)
  A hobgoblin (D:2)
  A kobold (D:2)
  A bat (D:2)
  A frilled lizard (D:2)
6 creatures vanquished.

Notes
Turn   | Place    | Note
-------+----------+-------------------------------------------
     0 | D:1      | corax the Spriggan Assassin began the quest for the Orb.
     0 | D:1      | Reached XP level 1. HP: 10/10 MP: 2/2
    38 | D:1      | You fall through a shaft!
    98 | D:2      | Reached skill level 6 in Stealth
   459 | D:2      | Slain by a kobold

Vault maps used:
D:1:      minmay_arrival_loop, minmay_shallow_snake_nest
D:2:      old_standard_altar, elyvilon_altar_4

Skill      XL: |  1 |
---------------+----+-----
Stealth        | 6 |  6.4
Fighting       | |  1.6
Short Blades   | |  2.3
Throwing       | |  2.0
Dodging        | |  1.5

Action                   || total
-------------------------++-------
Melee: Dagger            ||    14
 Stab: Sleeping          ||     4
Armor: Robe              ||     1
Dodge: Dodged            ||     2

Table legend:
 A = Spawn XP
 B = Non-spawn XP
 C = Spawn XP percentage of total XP
 D = Spawn monster count
 E = Non-spawn monster count
 F = Spawn count percentage of total count
 G = Total turns spent on level
                    A         B        C        D         E        F      G
               +---------+---------+-------+---------+---------+-------+---------
         Total |       0 |      11 |   0.0 |       0 |       6 |   0.0 |   459
               +---------+---------+-------+---------+---------+-------+---------
           D:2 |       0 |      11 |   0.0 |       0 |       6 |   0.0 |   421
               +---------+---------+-------+---------+---------+-------+---------
